 Dungeon Crawl Stone Soup version 0.23.2-33-g5129a83184 (webtiles) character file.

Game seed: 17530409007825124949

1478 Lauz the Cudgeler (level 8, -10/49 HPs)
             Began as a Gargoyle Fighter on July 9, 2019.
             Mangled by Duvessa
             ... wielding a +6 short sword of venom
              (19 damage)
             ... on level 5 of the Dungeon.
             The game lasted 00:13:29 (4968 turns).

Lauz the Cudgeler (Gargoyle Fighter)                Turns: 4968, Time: 00:13:29

Health: -10/49     AC: 14    Str: 20    XL:     8   Next: 79%
Magic:  2/2        EV:  9    Int: 11    God:
Gold:   278        SH: 10    Dex:  9    Spells: 7/7 levels left

rFire    + . .     SeeInvis .   p - +2 flail (antimagic)
rCold    . . .     Gourm    .   c - +0 shield
rNeg     + . .     Faith    .   b - +0 scale mail
rPois    ∞         Spirit   .   (no helmet)
rElec    +         Reflect  .   (no cloak)
rCorr    .         Harm     .   j - +0 pair of gloves
MR       .....                  (no boots)
Stlth    ..........             (no amulet)
HPRegen  0.16/turn              m - ring of wizardry
MPRegen  0.08/turn              e - ring of protection from fire

@: about to teleport
A: negative energy resistance 1, electricity resistance, unbreathing,
petrification resistance, rot immunity, AC +5
a: no special abilities


You were on level 5 of the Dungeon.
You were not hungry.

You visited 1 branch of the dungeon, and saw 5 of its levels.

You collected 278 gold pieces.

Inventory:

Hand Weapons
 a - a +0 flail
 p - a +2 antimagic flail (weapon)
Armour
 b - a +0 scale mail (worn)
 c - a +0 shield (worn)
 j - a +0 pair of gloves (worn)
Jewellery
 e - a ring of protection from fire (right hand)
 m - a ring of wizardry (left hand)
Scrolls
 g - 2 scrolls of teleportation
 h - 4 scrolls of remove curse
 t - a scroll of enchant armour {unknown}
 u - a scroll of blinking {unknown}
Potions
 d - 2 potions of might
 k - a potion of brilliance {unknown}
 l - a potion of agility {unknown}
 n - a potion of invisibility {unknown}
 o - a potion of berserk rage {unknown}
 q - 2 potions of degeneration {unknown}
 r - a potion of mutation {unknown}
 s - a potion of curing {unknown}
 v - a potion of lignification {unknown}
Comestibles
 f - 7 rations


   Skills:
 + Level 5.2 Fighting
 + Level 7.0 Maces & Flails
 + Level 5.5 Armour
 + Level 2.6 Dodging
 + Level 6.3 Shields


You had 7 spell levels left.
You didn't know any spells.
Your spell library was empty.

Dungeon Overview and Level Annotations

Branches:
Dungeon (5/15)
 Temple: D:4-7

Altars:
Trog
The Shining One

Shops:
D:4 *

Annotations:
D:5 Duvessa


Innate Abilities, Weirdness & Mutations

You are resistant to torment.
Your stone body is resilient. (AC +5)
You are immune to poison.
You resist negative energy. (rN+)
You are resistant to electric shocks. (rElec)
You can survive without breathing.
You are immune to petrification.
You are immune to rotting.


Message History

Duvessa hits you with a +6 short sword of venom!
You hit Duvessa but do no damage.
Duvessa is moderately wounded.
Duvessa hits you with a +6 short sword of venom.
You hit Duvessa.
Duvessa is moderately wounded.
Duvessa hits you with a +6 short sword of venom. x2
You hit Duvessa but do no damage.
Duvessa is moderately wounded.
Duvessa hits you with a +6 short sword of venom. x2
As you read the scroll labeled OMMOHA VIEHIR, it crumbles to dust.
You feel strangely unstable.
It was a scroll of teleportation.
Duvessa hits you with a +6 short sword of venom!
You hit Duvessa but do no damage.
Duvessa is moderately wounded.
Duvessa hits you with a +6 short sword of venom.
* * * LOW HITPOINT WARNING * * *
Duvessa misses you.
Duvessa hits you with a +6 short sword of venom!!
You die...

#..........#
#.######.#.#
#..........#
#.######.#.#
#††.####.#.#
#.#......#.#
#.#......#.#
#..........#
#.#.####@###.###
#.#.#...e.......
#.#.#.##.#######
....# #.# ###
#.# ...#.##.#
.......?#
.....##.# ####
#.#


You could see Duvessa (berserk).

Vanquished Creatures
  The ghost of poxu the Sneak, an amateur NaMo of Wu Jian (D:4)
  A phantom (D:5)
  2 ogres
  A centaur (D:4)
  A scorpion (D:4)
  Dowan (D:5)
  A howler monkey (D:4)
  A crimson imp (D:5)
  A bullfrog zombie (D:5)
  5 orc priests
  6 orc wizards
  3 hounds
  A worker ant zombie (D:4)
  13 adders
  A shadow imp (D:4)
  4 oozes
  5 worms
  5 dart slugs
  4 leopard geckos
  19 orcs
  A ball python (D:3)
  A giant cockroach (D:4)
  7 goblins
  7 hobgoblins
  8 jackals
  2 quokkas
  6 bats
  5 frilled lizards
  A jackal zombie (D:5)
  7 kobolds
  A quokka skeleton (D:4)
  7 rats
129 creatures vanquished.

Vanquished Creatures (others)
  An orc wizard (D:4)
1 creature vanquished.

Grand Total: 130 creatures vanquished

Notes
Turn   | Place    | Note
-------+----------+-------------------------------------------
     0 | D:1      | Lauz the Gargoyle Fighter began the quest for the Orb.
     0 | D:1      | Reached XP level 1. HP: 14/14 MP: 1/1
    56 | D:1      | Reached XP level 2. HP: 18/19 MP: 2/2
   402 | D:1      | Reached XP level 3. HP: 22/24 MP: 3/3
   588 | D:2      | Found a glowing golden altar of the Shining One.
   698 | D:2      | Reached XP level 4. HP: 22/29 MP: 4/4
  1266 | D:3      | Reached skill level 3 in Maces & Flails
  1323 | D:3      | Reached XP level 5. HP: 33/33 MP: 5/5
  1444 | D:3      | Reached skill level 1 in Dodging
  1672 | D:3      | Reached XP level 6. HP: 38/38 MP: 6/6
  1751 | D:3      | Reached skill level 4 in Maces & Flails
  3046 | D:4      | Reached XP level 7. HP: 33/44 MP: 2/7
  3128 | D:4      | Found Hadghogi's Assorted Antiques.
  3187 | D:4      | Reached skill level 5 in Maces & Flails
  3193 | D:4      | Reached skill level 5 in Shields
  3445 | D:4      | Found a bloodstained altar of Trog.
  3542 | D:4      | Found a runed translucent door.
  3542 | D:4      | Noticed poxu's ghost (amateur NaMo)
  3568 | D:4      | Killed poxu's ghost
  3568 | D:4      | Reached skill level 6 in Maces & Flails
  3568 | D:4      | Reached XP level 8. HP: 30/48 MP: 2/8
  3735 | D:4      | Reached skill level 5 in Armour
  4203 | D:4      | Reached skill level 5 in Fighting
  4289 | D:5      | Entered Level 5 of the Dungeon
  4378 | D:5      | Noticed Dowan
  4416 | D:5      | Killed Dowan
  4931 | D:5      | Reached skill level 7 in Maces & Flails
  4952 | D:5      | Noticed Duvessa
  4968 | D:5      | Mangled by Duvessa

Skill      XL: |  1  2  3  4  5  6  7  8 |
---------------+-------------------------+-----
Fighting       | 4 5 |  5.2
Shields        | 4 5 6 |  6.3
Maces & Flails | 3 4 6 7 |  7.0
Dodging        | 1 2 |  2.6
Armour         | 4 5 |  5.5

Action                   |  1- 3 |  4- 6 |  7- 9 || total
-------------------------+-------+-------+-------++-------
Melee: Flail             |   123 |   280 |   272 ||   675
  Use: Scroll            |       |       |     3 ||     3
  Eat: Chunk             |       |     8 |     4 ||    12
       Ration            |       |       |     1 ||     1
Armor: Scale mail        |    70 |   141 |   156 ||   367
Dodge: Dodged            |    42 |   104 |    93 ||   239
Block: Shield            |    77 |   153 |   158 ||   388
